 Dungeon Crawl Stone Soup version 0.21-a0-504-g2eda330 (webtiles) character file.

2545 4thArraOfDagon the Arsonist (level 9, 0/67 HPs)
             Began as a Deep Elf Fire Elementalist on Nov 26, 2017.
             Was a Follower of Sif Muna.
             Slain by a wolf (6 damage)
             ... led by Grum
             ... on level 8 of the Dungeon.
             The game lasted 00:12:09 (2407 turns).

4thArraOfDagon the Arsonist (DEFE)                  Turns: 2407, Time: 00:12:10

Health: 0/67       AC: 24    Str:  5    XL:     9   Next: 30%
Magic:  4/22       EV:  2    Int: 24    God:    Sif Muna [*.....]
Gold:   20         SH:  0    Dex: 20    Spells: 6/23 levels left

rFire    . . .     SeeInvis .   m - +4 rapier (venom)
rCold    . . .     Gourm    .   (no shield)
rNeg     + + +     Faith    .   (armour currently unavailable)
rPois    +         Spirit   .   (helmet currently unavailable)
rElec    .         Reflect  .   (cloak currently unavailable)
rCorr    .         Harm     .   (gloves currently unavailable)
MR       .....     NoTele   +   (boots currently unavailable)
Stlth    ++........             (no amulet)
HPRegen  0.21/turn              p - ring of flight
MPRegen  0.18/turn              q - ring of loudness

@: agile, tree-form (expiring), hasted, very quick
A: no striking features
a: Divine Energy, Renounce Religion


You were on level 8 of the Dungeon.
You worshipped Sif Muna.
Sif Muna was aware of your devotion.
You were not hungry.
You were a tree.
You visited 2 branches of the dungeon, and saw 9 of its levels.
You also visited: Sewer.

You collected 169 gold pieces.
You spent 149 gold pieces at shops.

Inventory:

Hand Weapons
 l - a +1 spear of piercing
 m - a +4 rapier of venom (weapon)
Armour
 a - a +0 robe (melded)
Jewellery
 p - a ring of flight (left branch)
 q - a ring of loudness (right branch)
Wands
 h - a wand of polymorph (18)
Scrolls
 d - a scroll of remove curse
 k - 2 scrolls of amnesia
 v - 2 scrolls of holy word {unknown}
 w - a scroll of blinking
 x - a scroll of teleportation
 y - a scroll of noise
Potions
 f - a potion of might
 n - a potion of haste
 s - a potion of flight
Books
 b - a book of Flames

   Spells                             Type                      Level
   a - Flame Tongue                   Conjuration/Fire             1
   b - Throw Flame                    Conjuration/Fire             2
   c - Conjure Flame                  Conjuration/Fire             3
   d - Inner Flame                    Hexes/Fire                   3
   e - Sticky Flame                   Conjuration/Fire             4
   f - Fireball                       Conjuration/Fire             5
 e - a book of Conjurations

   Spells                             Type                      Level
   a - Magic Dart                     Conjuration                  1
   b - Searing Ray                    Conjuration                  2
   c - Dazzling Spray                 Conjuration/Hexes            3
   d - Fulminant Prism                Conjuration/Hexes            4
   e - Force Lance                    Conjuration/Translocation    4
   f - Iskenderun's Mystic Blast      Conjuration                  4
Comestibles
 c - 2 bread rations
 o - a meat ration
 u - 8 chunks of flesh


   Skills:
 - Level 2.4 Dodging
 - Level 2.4 Stealth
 + Level 7.9 Spellcasting
 * Level 8.6 Conjurations
 * Level 9.2 Fire Magic
 + Level 2.5 Invocations


You had 6 spell levels left.
You knew the following spells:

 Your Spells              Type           Power        Failure   Level  Hunger
a - Flame Tongue          Conj/Fire      #####        1%          1    None
b - Conjure Flame         Conj/Fire      ######..     1%          3    None
c - Sticky Flame          Conj/Fire      ######..     1%          4    ###....
d - Fireball              Conj/Fire      ######....   4%          5    #####..
e - Iskenderun's Mystic   Conj           ######..     1%          4    ###....


Dungeon Overview and Level Annotations

Branches:
Dungeon (8/15)             Temple (1/1) D:5            Lair (0/6) D:8

Altars:
Ashenzari
Cheibriados
Dithmenos
Elyvilon
Fedhas
Hepliaklqana
Kikubaaqudgha
Makhleb
Okawaru
Ru
Sif Muna
Trog
Wu Jian
Xom
Yredelemnul
Zin
The Shining One

Shops:
D:5 ?


Message History

You can now request divine energy to cast spells with insufficient magic.
You hear a howl!
The elephant burns!
The elephant is engulfed in blazing flames.
The elephant completely misses you.
The elephant trunk-slaps you but does no damage.
You hit the elephant but do no damage.
The elephant is poisoned.
The elephant is almost dead.
The elephant burns!
The wolf is engulfed in blazing flames.
The wolf bites you.
* * * LOW HITPOINT WARNING * * *
The wight completely misses you.
The elephant is engulfed in blazing flames.
The elephant tramples you.
* * * LOW HITPOINT WARNING * * *
The elephant trunk-slaps you but does no damage.
Unknown command.
It was a potion of agility.
You feel agile all of a sudden.
The wolf is engulfed in blazing flames.
The wolf bites you.
You die...

...........
.......>.....
....t.......
######
#...........
#....# #.# P..P.#
#....####†#
.....#
#.........# z...#
#.........###Yz.#
#...÷......h♣#
#....##....#§#
#....##....#)#
#.....#....#)#
###........#.#
#........#.#
#...........
#...........
.........


You could see an elephant (burning), a wolf and 2 wights.

Vanquished Creatures
  Pikel (D:5)
  3 hippogriffs
  Eustachio (D:5)
  Grum (D:8)
  A necrophage (D:7)
  A wolf (D:8)
  2 crocodiles (D:8)
  2 centaurs
  4 big kobolds
  2 bullfrogs (D:6)
  A wight (D:8)
  A bullfrog zombie (D:7)
  A centaur zombie (D:6)
  A hound (D:7)
  An orc priest (D:6)
  Natasha (D:2)
  3 iguanas
  A hound zombie (D:5)
  A worker ant zombie (D:6)
  2 adders
  5 river rats
  An adder zombie (D:8)
  An adder skeleton (D:6)
  A leopard gecko (D:3)
  6 orcs
  A ball python (D:5)
  2 bats
  4 giant cockroaches
  3 goblins
  3 hobgoblins
  5 jackals
  11 kobolds
  2 quokkas
  A frilled lizard (D:2)
  A jackal zombie (D:6)
  6 rats
84 creatures vanquished.

Vanquished Creatures (others)
  A big kobold (D:5)
  A kobold (D:5)
  11 fungi
  6 toadstools (D:7)
19 creatures vanquished.

Grand Total: 103 creatures vanquished

Notes
Turn   | Place    | Note
-------+----------+-------------------------------------------
     0 | D:1      | 4thArraOfDagon the Deep Elf Fire Elementalist began the quest for the Orb.
     0 | D:1      | Reached XP level 1. HP: 10/10 MP: 6/6
     3 | D:1      | arkorax: lmao wtf
   196 | D:2      | Reached XP level 2. HP: 10/15 MP: 4/8
   265 | D:2      | Found a basalt altar of Yredelemnul.
   428 | D:2      | Noticed Natasha
   431 | D:2      | Killed Natasha
   431 | D:2      | Reached skill level 4 in Fire Magic
   431 | D:2      | Reached XP level 3. HP: 3/19 MP: 3/10
   440 | D:2      | Learned a level 3 spell: Conjure Flame
   625 | D:5      | Entered Level 5 of the Dungeon
   625 | D:5      | Noticed Pikel
   625 | D:5      | Noticed a slave
   625 | D:5      | Noticed a slave
   625 | D:5      | Noticed a slave
   629 | D:5      | Noticed a slave
   685 | D:5      | Killed Pikel
   685 | D:5      | Reached skill level 5 in Spellcasting
   685 | D:5      | Reached skill level 5 in Conjurations
   685 | D:5      | Reached skill level 6 in Fire Magic
   685 | D:5      | Reached XP level 4. HP: 24/24 MP: 0/13
   685 | D:5      | Reached XP level 5. HP: 28/28 MP: 0/14
   685 | D:5      | Reached XP level 6. HP: 32/32 MP: 0/15
   685 | D:5      | Reached XP level 7. HP: 36/36 MP: 0/16
   691 | D:5      | Learned a level 4 spell: Sticky Flame
   698 | D:5      | Learned a level 5 spell: Fireball
   925 | D:5      | Found a shattered altar of Ashenzari.
   927 | D:5      | oh well
  1090 | D:5      | Found a glowing drain.
  1103 | Sewer    | Entered a sewer
  1178 | Sewer    | Found a white marble altar of Elyvilon.
  1252 | D:7      | Noticed a hippogriff
  1259 | D:7      | Killed a hippogriff
  1259 | D:7      | Reached skill level 7 in Fire Magic
  1259 | D:7      | Reached XP level 8. HP: 15/41 MP: 3/19
  1290 | D:7      | Learned a level 4 spell: Iskenderun's Mystic Blast
  1499 | D:7      | magipi: D:7 and no god?
  1572 | D:7      | arkorax: speedrun stratz
  1679 | D:6      | Reached skill level 8 in Fire Magic
  1737 | D:5      | Noticed Eustachio
  1745 | D:5      | ReniFell: sry theres no god
  1764 | D:5      | Found a staircase to the Ecumenical Temple.
  1770 | Temple   | Entered the Ecumenical Temple
  1840 | Temple   | magipi: vehumet?
  1892 | Temple   | Became a worshipper of Sif Muna the Loreminder
  1941 | D:5      | Killed Eustachio
  2022 | D:5      | Found Osim's Magic Scroll Boutique.
  2029 | D:5      | Bought a scroll of blinking for 97 gold pieces
  2029 | D:5      | Bought a scroll of teleportation for 39 gold pieces
  2029 | D:5      | Bought a scroll of noise for 13 gold pieces
  2190 | D:8      | Noticed a hippogriff
  2204 | D:8      | Killed a hippogriff
  2204 | D:8      | Reached skill level 1 in Invocations
  2205 | D:8      | magipi: new sif is pretty bad
  2264 | D:8      | Noticed a two-headed ogre
  2271 | D:8      | Reached XP level 9. HP: 17/45 MP: 22/22
  2377 | D:8      | Found a staircase to the Lair.
  2377 | D:8      | Noticed an elephant
  2387 | D:8      | Reached skill level 9 in Fire Magic
  2393 | D:8      | Noticed Grum
  2405 | D:8      | Killed Grum
  2405 | D:8      | Reached * piety under Sif Muna
  2407 | D:8      | Slain by a wolf

Vault maps used:
D:1:      erik_arrival_cave_to_civilisation
D:2:      lemuel_coloured_pillars_altar, minmay_tromino_v2, uniq_natasha
D:4:      nemelex_xobeh_ov_fountains_minmay, kennysheep_mini
D:5:      evilmike_ruin_ashenzari, minmay_temple_entry_metal_lava, first_bread,
          serial_shops, shop_statue, lightli_sewer_entry_pipes,
          kennysheep_generic_room_11, uniq_pikel, uniq_crazy_yiuf_cottage,
          uniq_eustachio
D:6:      serial_undead, serial_undead_b, serial_undead_b, serial_undead_b,
          serial_undead_d
D:7:      cheibrodos_fertilizer, grunt_livestock
D:8:      lemuel_crystal_altar, grunt_qazlal_clouds, david_lair_generic,
          uniq_grum
Temple:   regret_index_temple_generic_petals
Sewer:    sewer_kobolds

Skill      XL: |  1  2  3  4  5  6  7  8  9 |
---------------+----------------------------+-----
Conjurations   | 2 5 6 8 |  8.6
Fire Magic     | 4 6 7 8 9 |  9.2
Spellcasting   | 5 6 7 |  7.9
Invocations    | 1 2 |  2.5
Dodging        | |  2.4
Stealth        | |  2.4

Action                   |  1- 3 |  4- 6 |  7- 9 || total
-------------------------+-------+-------+-------++-------
Melee: Unarmed           |     3 |       |     3 ||     6
       Spear             |     4 |       |    28 ||    32
       Rapier            |       |       |    16 ||    16
 Cast: Flame Tongue      |    42 |       |    44 ||    86
       Conjure Flame     |     5 |       |    12 ||    17
       Sticky Flame      |       |       |    18 ||    18
       Fireball          |       |       |     6 ||     6
Evoke: Wand              |       |       |     1 ||     1
  Use: Scroll            |     3 |       |     7 ||    10
       Potion            |     3 |       |     8 ||    11
 Stab: Sleeping          |       |       |     2 ||     2
  Eat: Chunk             |       |       |     6 ||     6
       Royal jelly       |       |       |     1 ||     1
Armor: Robe              |     6 |       |    13 ||    19
       Skin              |       |       |    17 ||    17
Dodge: Dodged            |    19 |       |    93 ||   112

Table legend:
 A = Spawn XP
 B = Non-spawn XP
 C = Spawn XP percentage of total XP
 D = Spawn monster count
 E = Non-spawn monster count
 F = Spawn count percentage of total count
 G = Total turns spent on level
                    A         B        C        D         E        F      G
               +---------+---------+-------+---------+---------+-------+---------
         Total |       0 |    3636 |   0.0 |       0 |      84 |   0.0 |  2407
               +---------+---------+-------+---------+---------+-------+---------
           D:1 |       0 |      11 |   0.0 |       0 |       6 |   0.0 |   196
           D:2 |       0 |      66 |   0.0 |       0 |      12 |   0.0 |   304
           D:3 |       0 |       5 |   0.0 |       0 |       2 |   0.0 |    25
           D:5 |       0 |     948 |   0.0 |       0 |      14 |   0.0 |   601
           D:6 |       0 |     341 |   0.0 |       0 |      13 |   0.0 |   336
           D:7 |       0 |     928 |   0.0 |       0 |      15 |   0.0 |   398
           D:8 |       0 |    1186 |   0.0 |       0 |      10 |   0.0 |   188
         Sewer |       0 |     151 |   0.0 |       0 |      12 |   0.0 |   110
               +---------+---------+-------+---------+---------+-------+---------
